AoeStats
← dj4301028

Glade

510527228Analyzed
1v1 RM · 15h ago on Oct 1, 2026· 34m 54s· 2 players
Game mode
Random Map
Map size
Tiny (2 player)
Population
200
Speed
Normal
Resources
Standard
Victory
Conquest
Starting age
Dark Age
Ending age
Imperial Age
RankedLock teamsTeams togetherTeam positionsShared explorationLock speedFull tech treeHidden civsTurbo modeCheats
Victory
Defeat
🇹🇼 Turks · Taiwan
1021
+17
🇬🇧 Khmer · United Kingdom
1044
-17
dj4301028
11:55 Feudal Age
16:31 Castle Age
14:21 Loom
14:40 Double-Bit Axe
15:12 Horse Collar
17:22 Bow Saw
19:41 Heavy Plow
24:31 Imperial Age
23:55 Gold Mining
25:46 Forging
25:48 Bloodlines
Cereal_Killer
10:00 Feudal Age
14:26 Castle Age
13:05 Double-Bit Axe
13:26 Horse Collar
15:35 Bloodlines
15:25 Husbandry
16:12 Loom
19:35 Light Cavalry
Connection lost

Rejoining the realm…

Still unreachable

The connection could not be restored.

Session expired

The server has moved on; the page needs a fresh start.